Unix NetHack Version 5.0.0-0 post-release - last build May 23 2026 06:08:33 (1c0ff79ee797540d5714e4e18072db0edd9e58ae,branch:main).

Game began 2026-05-24 08:59:48, ended 2026-05-24 10:09:26.

Atomicjoy, chaotic male elven Wizard

            ----------------
            |...........=...###
            |..............|  #######             -------
           #...............|        #####         |.d....##
           #|..............|            ###       |.@...| #
          ##-------.--------              #####   |+...<| #
       ####        #              ----------  ####|.u...| #
       #           #              |........|     #|.....| #     ---------
       #           ####           |).......|     #-.----- #     |.......|
       #              #        ###-.<...`...     # #      ######-..>....|
     ..#              #        #  ----------     # #            |.......|
   .%.                ##       #                 # %            |.......|
 |.%.                --.----####                 `##            |.......|
 ----                |....*.#                                   ........|
                     |.....|                                    ---------
                     |.....|
                     |.....|
                     |......
                     -------

Atomicjoy the Thaumaturge  St:12 Dx:9 Co:16 In:20 Wi:13 Ch:11  Chaotic
Dlvl:10 $:748 HP:0(64) Pw:100(105) AC:4  Xp:8/1416 T:5854  Hungry   Burdened

Latest messages:
 You have a little trouble lifting $ - 187 gold pieces (748 in total).
 You swap places with your pony.
 You see here a monkey corpse.
 You swap places with your pony.
 You swap places with your large cat.
 You drop a cursed bronze spellbook.
 You drop a cursed stained spellbook.
 You drop a spellbook of detect food.
 You drop a spellbook of detect unseen.
 You swap places with your large cat.
 The magic-absorbing blade scares the gnome zombie!
 The gnome zombie is confused.
 You destroy the gnome zombie!
 You stop.  Your pony is in the way!
 You swap places with your pony.
 You swap places with your pony.
 The winter wolf breathes frost!
 The blast of frost hits you!
 You hear some noises.
 In what direction? 6
 The door resists!
 It misses the winter wolf.
 It misses the winter wolf.
 It misses the winter wolf.
 The large cat misses the winter wolf.
 The blast of frost hits the pony!
 The blast of frost hits you!
 One of your clear potions freezes and shatters!
 The blast of frost hits the pony!
 The blast of frost whizzes by you!
 The winter wolf bites!
 The magic-absorbing blade stuns the winter wolf!
 The winter wolf breathes frost!
 The blast of frost hits you!
 The blast of frost bounces!
 The blast of frost hits you!
 Your potion of booze freezes and shatters!
 You are beginning to feel hungry.
 The winter wolf breathes frost!
 The blast of frost hits you!
 The winter wolf bites!
 You hit the winter wolf!
 The winter wolf bites!
 The winter wolf bites!
 In what direction? 8
 The spell misses the winter wolf.
 The winter wolf bites!
 You die...
 Do you want your possessions identified? [ynq] (y) y
 Do you want to see your attributes? [ynq] (y) q

Inventory:
 Coins    ('$')
  $ - 748 gold pieces
 Amulets  ('"')
  u - a cursed amulet of change
  W - a cursed amulet of ESP
  K - an uncursed amulet of reflection
 Weapons  (')')
  L - 4 +0 daggers
  v - the rustproof +0 Magicbane (weapon in right hand)
 Armor    ('[')
  Z - an uncursed +0 orcish helm (being worn)
  C - an uncursed rusty +0 pair of iron shoes (being worn)
  b - an uncursed +0 cloak of magic resistance
  I - an uncursed rotted +0 elven cloak
  R - a blessed +0 robe (being worn)
  w - an uncursed +0 leather armor (being worn)
 Comestibles  ('%')
  p - 3 uncursed food rations
  r - 2 uncursed lembas wafers
  A - 2 uncursed eggs
 Scrolls  ('?')
  q - an uncursed scroll of amnesia
  V - a cursed scroll of confuse monster
  O - an uncursed scroll of earth
  j - an uncursed scroll of enchant weapon
  B - an uncursed scroll of food detection
  a - an uncursed scroll of gold detection
  i - 3 uncursed scrolls of identify
  F - 3 cursed scrolls of identify
  x - an uncursed scroll of light
  X - a cursed scroll of light
  M - an uncursed scroll of magic mapping
  s - 2 uncursed scrolls of teleportation
 Potions  ('!')
  g - an uncursed potion of gain level
  z - a blessed potion of healing
  H - 4 uncursed potions of healing
  f - an uncursed potion of levitation
  P - 2 uncursed potions of speed
  o - 3 potions of unholy water
 Rings    ('=')
  d - an uncursed +1 ring of adornment
  N - a cursed ring of polymorph
  e - an uncursed ring of searching
 Wands    ('/')
  c - a wand of cold (0:5)
  G - a wand of nothing (0:5)
 Tools    ('(')
  n - an uncursed tooled horn
  E - an uncursed blindfold
  m - a magic marker (0:20)
  D - a cursed magic marker (0:19)
  T - an uncursed skeleton key
  U - a +0 unicorn horn
 Gems/Stones  ('*')
  S - an uncursed turquoise stone
  y - 2 uncursed worthless pieces of blue glass
  J - an uncursed worthless piece of orange glass
  t - an uncursed worthless piece of red glass

Atomicjoy the Wizard's attributes:

Background:
 You were a Thaumaturge, a level 8 male elven Wizard.
 You were chaotic, on a mission for Anhur
 who was opposed by Ptah (lawful) and Thoth (neutral).
 You were right-handed.
 You were in the Dungeons of Doom, on level 10.
 You entered the dungeon 5854 turns ago.
 You had 1416 experience points, 1144 more were needed to attain level 9.

Basics:
 You had 0 out of 64 hit points.
 You had 100 out of 105 energy points (spell power).
 Your armor class was 4.
 Your wallet contained 748 zorkmids.
 Autopickup was off.

Final Characteristics:
 Your strength was 12 (limit:18).
 Your dexterity was 9 (limit:18).
 Your constitution was 16 (limit:16).
 Your intelligence was 20 (limit:20).
 Your wisdom was 13 (limit:20).
 Your charisma was 11 (limit:18).

Final Status:
 You were hungry.
 You were burdened; movement was slightly slowed.
 You were wielding a dagger.
 You had basic skill with dagger.

Final Attributes:
 You were piously aligned.
 You were magic-protected.
 You were sleep resistant.
 You were poison resistant.
 You had infravision.
 You were guarded.
 Your spell casting was enhanced by wearing a robe.
 You are dead.

Miscellaneous:
 You encountered 2 bones levels.
 Total elapsed playing time was 1 hour, 9 minutes and 37 seconds.

Major events:
 Turn
    1: Atomicjoy the chaotic male elven Wizard entered the dungeon
  684: entered the Gnomish Mines
 1834: attained the rank of Conjurer (level 3)
 3124: was bestowed with Magicbane by Anhur
 3478: attained the rank of Thaumaturge (level 6)
 5450: consulted the Oracle
 5854: killed by a winter wolf

Spells:
 Name                 Level Category     Fail Retention
 force bolt             1   attack         0%   71%-75%
 drain life             2   attack         0%   71%-75%
 levitation             4   escape        82%   51%-75%
 light                  1   divination     0%  76%-100%
 detect unseen          3   divination    51%  76%-100%
 detect food            2   divination    10%  76%-100%

Skills:
 Fighting Skills
   bare handed combat [Unskilled]
   riding             [Unskilled]
 Weapon Skills
   dagger             [Basic]
   knife              [Unskilled]
   axe                [Unskilled]
   short sword        [Unskilled]
   club               [Unskilled]
   mace               [Unskilled]
   quarterstaff       [Basic]
   polearms           [Unskilled]
   spear              [Unskilled]
   trident            [Unskilled]
   sling              [Unskilled]
   dart               [Unskilled]
   shuriken           [Unskilled]
 Spellcasting Skills
   attack spells      [Skilled]
   healing spells     [Unskilled]
   divination spells  [Unskilled]
   enchantment spells [Basic]
   clerical spells    [Unskilled]
   escape spells      [Unskilled]
   matter spells      [Unskilled]

Voluntary challenges:
 Character rerolling was not enabled.
 You never genocided any monsters.
 You never polymorphed an object.
 You never changed form.
 You used no wishes.
Achievements:
 You entered a shop.
 You entered the Gnomish Mines.
 You attained the rank of Conjurer.
 You attained the rank of Thaumaturge.
 You consulted the Oracle of Delphi.

 The Dungeons of Doom: levels 1 to 10
    Level 1:
       A sink.
    Level 2:
       A general store.
    Level 3:
       A grave.
    Level 4:
       Stairs down to The Gnomish Mines.
    Level 5:
       An altar to Anhur.
    Level 6:
       A fountain.
    Level 7:
       A grave.
       Final resting place for
          ArrBianca-Pri-Elf-Fem-Cha, killed by a dwarf king.
    Level 8:
       A fountain.
       Final resting place for
          ArrBianca-Pri-Hum-Fem-Law, killed by a giant spider.
    Level 9:
       Many fountains.
       Oracle of Delphi.
    Level 10: <- You were here.
       A fountain.
       Final resting place for
          you, killed by a winter wolf.
 The Gnomish Mines:
    Level 5:


Vanquished creatures:
  2 ghosts
  a pyrolisk
  a dwarf ruler
  a tengu
  a wraith
  a chameleon
  a quivering blob
  a leprechaun
  a giant spider
  a brown pudding
  a gold golem
  a lizard
  a white unicorn
  a raven
  a gnome mummy
  5 human zombies
  a Woodland-elf
  3 bugbears
  a wood nymph
 an orc shaman
  a rock piercer
  a rock mole
  a pony
  a fog cloud
  2 yellow lights
  a shrieker
  a gnome leader
  a gnomish wizard
  a kobold mummy
  2 gray oozes
  3 elf zombies
  a giant ant
  a floating eye
  2 homunculi
  3 kobold leaders
 10 hill orcs
  3 rothes
  a rabid rat
  a giant bat
  2 monkeys
  2 orc zombies
  7 dwarf zombies
  2 werejackals
  2 iguanas
 10 killer bees
 an acid blob
  2 hobbits
  2 manes
  2 hobgoblins
  6 cave spiders
  3 yellow molds
  2 green molds
  a red mold
  2 gnomes
  2 gnome zombies
  8 geckos
 11 jackals
  4 foxes
  2 kobolds
  3 goblins
  9 sewer rats
 17 grid bugs
  a bat
  2 lichens
  2 kobold zombies
  7 newts
178 creatures vanquished.

No species were genocided or became extinct.

Game over:
                       ----------
                      /          \
                     /    REST    \
                    /      IN      \
                   /     PEACE      \
                  /                  \
                  |    Atomicjoy     |
                  |      748 Au      |
                  |   killed by a    |
                  |   winter wolf    |
                  |                  |
                  |                  |
                  |       2026       |
                 *|     *  *  *      | *
        _________)/\\_//(\/(/\)/\//\/|_)_______

Goodbye Atomicjoy the Wizard...

You died in The Dungeons of Doom on dungeon level 10 with 5137 points,
and 748 pieces of gold, after 5854 moves.
You were level 8 with a maximum of 64 hit points when you died.

